 Dungeon Crawl Stone Soup version 0.31-a0-185-g9dded2c639 (webtiles) character file.

Game seed: 10885104173488636635

23 qw the Shooter (level 2, 0/16 HPs)
             Began as a Deep Elf Hunter on June 22, 2023.
             Succumbed to their own poison gas
             ... on level 1 of the Dungeon.
             The game lasted 00:00:16 (834 turns).

qw the Shooter (Deep Elf Hunter)                     Turns: 834, Time: 00:00:17

Health: 0/16       AC:  5    Str:  8    XL:     2   Next: 75%
Magic:  4/4        EV: 10    Int: 13    God:
Gold:   80         SH:  0    Dex: 18    Spells: 1/1 levels left

rFire   . . .        Y - +0 shortbow
rCold   . . .        (shield currently unavailable)
rNeg    . . .        i - +0 ring mail
rPois   .            (no helmet)
rElec   .            (no cloak)
rCorr   .            (no gloves)
SInv    .            (no boots)
Will    .....        (no amulet)
Stlth   +            (no ring)
HPRegen 0.22/turn    (no ring)
MPRegen 0.09/turn

%: no passive effects
@: lethally poisoned (0 -> -11), attractive
A: no striking features
a: no special abilities


You were on level 1 of the Dungeon.
You visited 1 branch of the dungeon, and saw 1 of its levels.

You collected 80 gold pieces.


   Skills:
 - Level 1.5 Fighting
 + Level 6.5 Ranged Weapons
 - Level 2.4 Dodging
 - Level 1.2 Stealth


You had one spell level left.
You didn't know any spells.
Your spell library was empty.

Inventory:

Hand Weapons
 Y - a +0 shortbow (weapon)
Armour
 i - a +0 ring mail (worn)
Potions
 j - a potion of mutation {unknown}

Dungeon Overview and Level Annotations

Branches:
Dungeon (1/15)

Altars:


Message History

It was a scroll of fog.
Done exploring.
826 ||| READING scroll labelled HEKHLI LYUNN.
As you read the scroll labelled HEKHLI LYUNN, it crumbles to dust.
You feel momentarily disoriented.
It was a scroll of revelation.
Enter note:
Enter note: Done exploring.
827 ||| DRINKING 2 viscous red potions.
It was a potion of attraction.
You feel attractive to monsters.
Done exploring.
828 ||| DROPPING scroll of butterflies.
You drop a scroll of butterflies.
Done exploring.
829 ||| DROPPING potion of attraction.
You drop a potion of attraction.
Done exploring.
830 ||| DROPPING scroll of poison.
You drop a scroll of poison.
Done exploring.
(D) Dungeon
Where to? (* - list waypoints, ? - help)
What level of the Dungeon? (default 1, ? - help) Sorry, I don't know how to get there.
Enter note:
Enter note:
Enter note:
Enter note:
Enter note:
Enter note: Really walk into that cloud of poison gas?
You are engulfed in poison gas.
You are lethally poisoned!
You feel very sick.
832 ||| Stepping ~*~*~tactically~*~*~ (cloud).
You feel very sick.
There is an open door here.
Items here: ! = ?? [[.
There is a lethal amount of poison in your body!
You feel very sick.
There is a lethal amount of poison in your body!
You die...

#.# #...#.#.#.#.#.
#####.#######...........
#####....######.#.#.#.#.#.#
#.........¤####...........)
#>###.####'###.#.#.#.#.#.#.
####.###.###00¤###....%.......
#....###...+¤¤¤+...#.#.#.#.#.#
#.######.###¤¤¤###...%........
#.# ##.####@####..#.#.#.#.#.
#.# ##.####00###.#.........#
#.# ##.#####¤00.##)#.#.#.#.#
#.# ##....#.00000..........#
#.# ##......#00¤¤0¤...###..#
#.# ##.##.#..¤##0###...##.##
#.######.##.##.###.###.#......
#........##.#...##.###...####.
#..#####......#.....##.### #.


There were no monsters in sight!

Vanquished Creatures
  2 bats (D:1)
  2 endoplasms (D:1)
  2 hobgoblins (D:1)
  3 jackals (D:1)
  3 ball pythons (D:1)
  4 goblins (D:1)
  4 kobolds (D:1)
  2 rats (D:1)
22 creatures vanquished.

Notes
Turn   | Place    | Note
-------+----------+-------------------------------------------
     0 | D:1      | qw the Deep Elf Hunter began the quest for the Orb.
     0 | D:1      | Reached XP level 1. HP: 12/12 MP: 3/3
     0 | D:1      | 0 ||| qw: Version: 0.3-a-9-g12657ce
     0 | D:1      | 0 ||| qw: Game counter: 1815
     0 | D:1      | 0 ||| qw: Always use a shield: true
     0 | D:1      | 0 ||| qw: God list: Okawaru
     0 | D:1      | 0 ||| qw: Allow faded altars: false
     0 | D:1      | 0 ||| qw: Do Orc after D:15 true
     0 | D:1      | 0 ||| qw: Do second Lair branch before Depths: true
     0 | D:1      | 0 ||| qw: Lair rune preference: random
     0 | D:1      | 0 ||| qw: Plans: Normal
     0 | D:1      | 0 ||| PLANNING D:1-11
    96 | D:1      | Reached XP level 2. HP: 6/16 MP: 4/4
   174 | D:1      | Found a faded altar of an unknown god.
   291 | D:1      | Reached skill level 6 in Ranged Weapons
   800 | D:1      | 800 ||| UPGRADING to +0 scale mail.
   810 | D:1      | 810 ||| DROPPING +0 leather armour.
   811 | D:1      | 811 ||| UPGRADING to +0 ring mail.
   821 | D:1      | 821 ||| DROPPING +0 scale mail.
   822 | D:1      | 822 ||| DROPPING ring of wizardry.
   823 | D:1      | 823 ||| READING scroll labelled TAECVA RIUT.
   824 | D:1      | 824 ||| READING 2 scrolls labelled HUPTYP EXTE.
   825 | D:1      | 825 ||| READING scroll labelled HAUMAJ ISURCHO.
   826 | D:1      | 826 ||| READING scroll labelled HEKHLI LYUNN.
   827 | D:1      | 827 ||| DRINKING 2 viscous red potions.
   828 | D:1      | 828 ||| DROPPING scroll of butterflies.
   829 | D:1      | 829 ||| DROPPING potion of attraction.
   830 | D:1      | 830 ||| DROPPING scroll of poison.
   832 | D:1      | 832 ||| Stepping ~*~*~tactically~*~*~ (cloud).
   833 | D:1      | HP: 1/16 [poisoned by you (poison gas)]
   834 | D:1      | Succumbed to their own poison gas

Levels and vault maps discovered:
D:1:      sevenhm_arrival_forest_fort_small_4, layout_loops_ring,
          chequers_ecumenical_altar_twisty, minmay_liquid_box, hex_medium,
          item_on_display_a

Skill      XL: |  1  2 |
---------------+-------+-----
Ranged Weapons | 6 |  6.5
Fighting       | |  1.5
Dodging        | |  2.4
Stealth        | |  1.2

Action                     || total
---------------------------++-------
   Fire: Shortbow          ||    51
    Use: Scroll            ||     4
         Potion            ||     1
 Armour: Leather armour    ||     4
  Dodge: Dodged            ||    14

Table legend:
 A = Non-vault XP
 B = Vault XP
 C = Vault XP percentage of total XP
 D = Non-vault monster count
 E = Vault monster count
 F = Vault count percentage of total count
                 A         B        C        D         E       F
            +---------+---------+-------+---------+---------+-------
      Total |      34 |       0 |   0.0 |      22 |       0 |   0.0
            +---------+---------+-------+---------+---------+-------
        D:1 |      34 |       0 |   0.0 |      22 |       0 |   0.0
            +---------+---------+-------+---------+---------+-------
